 Dungeon Crawl Stone Soup version 0.24.0-13-gcf9b3192b9 (webtiles) character file.

Game seed: 15646082721003060624, levelgen mode: deterministic

866 EnegeticOcto the Chopper (level 7, -5/61 HPs)
             Began as a Minotaur Fighter on Nov 10, 2019.
             Was an Initiate of Makhleb.
             Slain by a manticore (10 damage)
             ... on level 6 of the Dungeon.
             The game lasted 00:02:45 (2770 turns).

EnegeticOcto the Chopper (Minotaur Fighter)         Turns: 2770, Time: 00:02:46

Health: -5/61      AC: 11    Str: 28    XL:     7   Next: 72%
Magic:  6/7        EV:  9    Int:  5    God:    Makhleb [......]
Gold:   154        SH: 10    Dex:  9    Spells: 6/6 levels left

rFire    . . .     SeeInvis .   a - +1 war axe
rCold    . . .     Gourm    .   c - +0 shield
rNeg     + . .     Faith    .   b - +0 scale mail
rPois    .         Spirit   .   (helmet restricted)
rElec    .         Reflect  .   l - +2 cloak
rCorr    .         Harm     .   (no gloves)
MR       .....                  r - +0 pair of boots (curse)
Stlth    ..........             (no amulet)
HPRegen  0.20/turn              o - ring of positive energy
MPRegen  0.10/turn              (no ring)

@: mighty
A: retaliatory headbutt, horns 2
a: Renounce Religion


You were on level 6 of the Dungeon.
You worshipped Makhleb.
Makhleb was noncommittal.
You were not hungry.

You visited 2 branches of the dungeon, and saw 7 of its levels.

You collected 154 gold pieces.

Inventory:

Hand Weapons
 a - a +1 war axe (weapon)
Armour
 b - a +0 scale mail (worn)
 c - a +0 shield (worn)
 l - a +2 cloak (worn)
 r - a cursed +0 pair of boots (worn)
Jewellery
 o - a ring of positive energy (left hand)
Wands
 s - a wand of flame (11)
Scrolls
 g - 2 scrolls of teleportation {@r3}
 j - 2 scrolls of remove curse {@r2}
 m - a scroll of enchant armour
 n - a scroll of enchant weapon
Potions
 d - a potion of might {@q3}
 h - a potion of resistance {unknown}
 q - a potion of haste {@q4}
 u - a potion of mutation {unknown}
Comestibles
 e - 5 rations


   Skills:
 + Level 5.4 Fighting
 * Level 6.5 Axes
 + Level 5.4 Armour
 + Level 3.5 Dodging
 + Level 5.5 Shields
 * Level 1.4 Invocations


You had 6 spell levels left.
You didn't know any spells.
Your spell library was empty.

Dungeon Overview and Level Annotations

Branches:
Dungeon (7/15)             Temple (1/1) D:7

Altars:
Ashenzari
Cheibriados
Elyvilon
Fedhas
Gozag
Hepliaklqana
Makhleb
Nemelex Xobeh
Qazlal
Ru
Uskayaw
Yredelemnul
Zin


Innate Abilities, Weirdness & Mutations

You reflexively headbutt those who attack you in melee.
You have a pair of horns on your head.


Message History

No target in view!
You miss something. You headbutt something!
Something hits you but does no damage.
You miss something. Something hits you but does no damage.
You block something's attack.
You slash something! Something hits you but does no damage.
You completely miss something. You block something's attack.
You miss something. Something hits you but does no damage.
You block something's attack.
You barely miss something. You headbutt something.
Something hits you but does no damage.
You hear a distant slurping noise.
You slice something!! Makhleb accepts your kill.
Reactivating autopickup.
You feel a bit more experienced.
You see here a sky beast corpse.
Found 13 gold pieces.
Found a stone staircase leading up.
There is a stone staircase leading up here.
You climb upwards.
The orc shouts! x5
A quokka and a manticore come into view.
You hear a shout!
Found 6 gold pieces.
There is a stone staircase leading down here.
You block the quokka's attack.
An orc warrior comes into view. It is wielding a +0 scimitar.
You miss the quokka. You block the quokka's attack.
You closely miss the quokka.
The quokka twitches its whiskers.
The quokka closely misses you. You block the quokka's attack.
You hit the quokka.
You kill the quokka!
Makhleb accepts your kill. The orc hits you with a +0 hand axe.
You hit the orc but do no damage.
You hit the orc warrior but do no damage.
You slash the orc!
You kill the orc!
Makhleb accepts your kill.
An orc comes into view. It is wielding a +0 hand axe.
The orc warrior hits you but does no damage.
The orc shouts!
You hit the orc warrior but do no damage.
You barely miss the orc. You hit the orc but do no damage.
The orc barely misses you. You furiously retaliate!
You headbutt the orc.
The manticore flicks its tail.
The volley of spikes misses you.
The volley of spikes hits the orc!
The orc dies!
The orc warrior hits you with a +0 scimitar!!
You block the orc's attack.
You feel very mighty all of a sudden. You block the orc's attack.
The manticore barely misses you.
The manticore claws you but does no damage.
You block the manticore's attack.
Unknown command.
You slice the manticore!!
The manticore is heavily wounded.
You closely miss the orc. You slash the orc!
You kill the orc!
Makhleb accepts your kill.
You slash the orc warrior!
The orc warrior hits you with a +0 scimitar.
You block the orc's attack. You block the manticore's attack.
The manticore claws you. x2; The orc hits you but does no damage.
You hit the manticore.
The manticore is heavily wounded.
You closely miss the orc. You hit the orc warrior. You hit the orc.
The orc warrior hits you with a +0 scimitar!
* * * LOW HITPOINT WARNING * * *
The manticore closely misses you. You furiously retaliate!
You headbutt the manticore! You block the manticore's attack.
The manticore claws you but does no damage.
You block the orc's attack. The orc barely misses you. You furiously retaliate!
You headbutt the orc.
You kill the orc!
Makhleb accepts your kill.
You closely miss the manticore. You headbutt the manticore!
The manticore is almost dead.
You slash the orc!
You kill the orc!
Makhleb accepts your kill.
You hit the orc warrior.
The manticore bites you but does no damage.
The manticore claws you but does no damage. x2
The orc warrior closely misses you.
You closely miss the orc warrior. You headbutt the orc warrior!
You kill the orc warrior!
Makhleb accepts your kill.
Your Invocations skill increases to level 1!
Your shield prevents you from hitting the manticore.
You slash the orc!
You kill the orc!
Makhleb accepts your kill. The manticore bites you.
* * * LOW HITPOINT WARNING * * *
The manticore claws you!
* * * LOW HITPOINT WARNING * * *
You block the manticore's attack. x2; The manticore claws you!
You die...

.... .# .....#
.# ......##.#
.........
....... ..#.## #
##)H.# #.#
###.)@.#...##.
#....)>....$..
....#......#####
### #.....##
##.#... .....##
#.##.## .. ..#
..o o.#


You could see a manticore.

Vanquished Creatures
  2 orc warriors
  An ice beast (Temple)
  2 sky beasts
  3 howler monkeys (D:7)
  A bullfrog zombie (D:7)
  An orc priest (D:7)
  An orc wizard (D:3)
  Ijyb (D:3)
  A worker ant zombie (D:7)
  4 adders
  4 gnolls (D:3)
  3 dart slugs
  7 leopard geckos
  12 orcs
  2 ball pythons
  6 bats
  6 giant cockroaches
  10 hobgoblins
  3 jackals (D:3)
  A quokka (D:6)
  5 frilled lizards (D:1)
  7 goblins
  5 kobolds
  4 rats
92 creatures vanquished.

Vanquished Creatures (others)
  An orc (D:6)
1 creature vanquished.

Grand Total: 93 creatures vanquished

Notes
Turn   | Place    | Note
-------+----------+-------------------------------------------
     0 | D:1      | EnegeticOcto the Minotaur Fighter began the quest for the
                  | Orb.
     0 | D:1      | Reached XP level 1. HP: 19/19 MP: 0/0
   144 | D:1      | Reached XP level 2. HP: 27/27 MP: 1/1
   332 | D:1      | Reached skill level 3 in Axes
   491 | D:1      | Reached XP level 3. HP: 31/33 MP: 2/2
   913 | D:1      | Reached skill level 1 in Dodging
  1125 | D:2      | Found a shattered altar of Ashenzari.
  1478 | D:2      | Reached XP level 4. HP: 40/40 MP: 3/3
  1732 | D:3      | Reached skill level 4 in Axes
  1847 | D:3      | Reached XP level 5. HP: 19/47 MP: 4/4
  2128 | D:3      | Noticed Ijyb
  2138 | D:3      | Killed Ijyb
  2430 | D:4      | You fall into a shaft and drop 3 floors!
  2431 | D:7      | Found a staircase to the Ecumenical Temple.
  2432 | D:7      | Noticed an orc warrior
  2441 | D:7      | Reached XP level 6. HP: 40/53 MP: 5/5
  2444 | D:7      | Noticed a sky beast
  2445 | D:7      | Reached skill level 5 in Axes
  2446 | D:7      | Killed an orc warrior
  2446 | D:7      | Reached skill level 5 in Shields
  2451 | D:7      | Reached skill level 5 in Fighting
  2451 | D:7      | Reached skill level 5 in Armour
  2452 | D:7      | Noticed an ice beast
  2455 | D:7      | Noticed a sky beast
  2460 | Temple   | Entered the Ecumenical Temple
  2466 | Temple   | Killed an ice beast
  2466 | Temple   | Reached XP level 7. HP: 6/61 MP: 6/6
  2478 | Temple   | Reached skill level 6 in Axes
  2487 | Temple   | Became a worshipper of Makhleb the Destroyer
  2758 | D:6      | Noticed a manticore
  2770 | D:6      | Reached skill level 1 in Invocations
  2770 | D:6      | Slain by a manticore

Levels and vault maps discovered:
D:1:      dpeg_arrival_renting, layout_basic, st_stairs_4
D:2:      minmay_spotlight, layout_rooms, ashenzari_conservatory_becter,
          chequers_serial_rivers_micro_e, due_unseen_surprise
D:3:      layout_rooms, uniq_ijyb
D:4:      layout_basic
D:6:      cheibrodos_two_vegetables, layout_rooms, minmay_manual_moon,
          uniq_grinder
D:7:      gammafunk_cloud_chamber, layout_basic, minmay_overflow_temple_hex,
          chequers_temple_overflow_statue_of_worship,
          minmay_temple_entry_drinking_statues, serial_rivers,
          chequers_serial_rivers_micro_e, chequers_serial_rivers_room_b,
          chequers_serial_rivers_micro_b, chequers_serial_rivers_marsh
Temple:   cyrus_circular_temple

Skill      XL: |  1  2  3  4  5  6  7 |
---------------+----------------------+-----
Axes           | 3 4 5 6 |  6.5
Armour         | 4 5 |  5.4
Fighting       | 4 5 |  5.4
Dodging        | 1 2 3 |  3.5
Shields        | 4 5 |  5.5
Invocations    | 1 |  1.4

Action                   |  1- 3 |  4- 6 |  7- 9 || total
-------------------------+-------+-------+-------++-------
Melee: War axe           |   125 |    79 |    21 ||   225
       Headbutt          |     4 |    11 |     4 ||    19
  Use: Scroll            |     2 |     7 |       ||     9
       Potion            |       |     2 |     1 ||     3
  Eat: Chunk             |     2 |     3 |     1 ||     6
Armor: Scale mail        |    49 |    46 |    18 ||   113
Dodge: Dodged            |    46 |    43 |     7 ||    96
Block: Shield            |    76 |    66 |    16 ||   158
